 Dungeon Crawl Stone Soup version 0.27.1-33-g824d729ab1 (webtiles) character file.

Game seed: 1042722567877350833

170 Gabide the Cudgeller (level 5, -2/41 HPs)
             Began as a Human Monk on Dec 5, 2021.
             Killed by divine providence
             ... invoked by an orc priest
              (9 damage)
             ... on level 3 of the Dungeon.
             The game lasted 00:07:45 (3354 turns).

Gabide the Cudgeller (Human Monk)                   Turns: 3354, Time: 00:07:46

Health: -2/41      AC:  7    Str: 12    XL:     5   Next: 80%
Magic:  5/5        EV: 12    Int: 16    God:
Gold:   103        SH:  0    Dex: 16    Spells: 4/4 levels left

rFire    . . .     SeeInvis .   a - +0 mace
rCold    . . .     Faith    .   (no shield)
rNeg     . . .     Spirit   .   i - +2 ring mail
rPois    .         Reflect  .   (no helmet)
rElec    .         Harm     .   (no cloak)
rCorr    .         Rampage  .   (no gloves)
Will     .....                  (no boots)
Stlth    ++........             h - amulet of magic regeneration
HPRegen  0.13/turn              d - +6 ring of intelligence
MPRegen  0.34/turn              (no ring)

@: no status effects
A: no striking features
a: no special abilities


You were on level 3 of the Dungeon.
You visited 1 branch of the dungeon, and saw 3 of its levels.

You collected 103 gold pieces.

Inventory:

Hand Weapons
 a - a +0 mace (weapon)
Armour
 i - a +2 ring mail (worn)
Jewellery
 d - a +6 ring of intelligence (left hand)
 h - an amulet of magic regeneration (around neck)
Wands
 b - a wand of polymorph (3)
Scrolls
 e - a scroll of magic mapping
 f - a scroll of enchant armour
 g - a scroll of brand weapon


   Skills:
 + Level 3.5 Fighting
 + Level 4.4 Maces & Flails
 + Level 1.4 Armour
 + Level 3.7 Dodging
 + Level 2.7 Stealth
 + Level 0.2 Unarmed Combat


You had 4 spell levels left.
You didn't know any spells.
Your spell library was empty.

Dungeon Overview and Level Annotations

Branches:
Dungeon (3/15)

Altars:


Message History

It was a potion of heal wounds.
You feel much better. The orc hits you but does no damage.
You hear some strange, mumbled words.
A puff of flame appears from out of thin air!
The puff of flame hits you.
You hit the orc.
You kill the orc!
Something hits you.
Items here: ( ) [ †.
The orc priest looks braver for a moment.
You miss something.
There are no items here.
Something hits you.
The orc priest calls down the wrath of Beogh upon you.
Beogh smites you!
* * * LOW HITPOINT WARNING * * *
You hear some strange, mumbled words.
You are confused.
A magic dart appears from out of thin air!
The magic dart hits you.
* * * LOW HITPOINT WARNING * * *
Unknown command.
You hit the orc.
The orc is lightly wounded.
The orc closely misses you.
You hit something.
The orc priest begins to cast a cantrip, but forgets the words!
Something hits you but does no damage.
You bump into the rock wall.
You feel less confused.
The orc priest calls down the wrath of Beogh upon you.
Something writhes in agony!
Reactivating autopickup.
You feel a bit more experienced.
Things that are here:
a +0 dagger; a +0 leather armour The frilled lizard hisses.
The orc priest invokes the aid of Beogh against you.
Beogh smites you!
You die...

o#####.##......#
..o..........#.# .##.
###.###.#.##.#.# # >...
#.#.##l#.# .# ....
#....#o#.##..## ##
###....†......... ######
.........o.....## #.....
####....†..###########.####
#....).@............#
#####################


You could see an orc priest, an orc and a frilled lizard.

Vanquished Creatures
  Robin (D:2)
  4 gnolls (D:3)
  2 adders (D:3)
  2 worms (D:2)
  A dart slug (D:3)
  2 orcs (D:3)
  3 endoplasms
  6 giant cockroaches
  10 goblins
  9 hobgoblins
  9 jackals
  A quokka (D:1)
  5 ball pythons
  4 bats
  3 frilled lizards
  7 kobolds
  5 rats
74 creatures vanquished.

Vanquished Creatures (others)
  An orc wizard (D:3)
1 creature vanquished.

Grand Total: 75 creatures vanquished

Notes
Turn   | Place    | Note
-------+----------+-------------------------------------------
     0 | D:1      | Gabide the Human Monk began the quest for the Orb.
     0 | D:1      | Reached XP level 1. HP: 18/18 MP: 1/1
   258 | D:1      | Reached XP level 2. HP: 24/24 MP: 2/2
   792 | D:1      | Reached XP level 3. HP: 29/29 MP: 3/3
  1579 | D:2      | Noticed Robin
  2110 | D:2      | Reached XP level 4. HP: 35/35 MP: 4/4
  2370 | D:2      | Killed Robin
  2452 | D:2      | Found a faded altar of an unknown god.
  2862 | D:3      | Reached skill level 4 in Maces & Flails
  2968 | D:3      | Reached XP level 5. HP: 32/41 MP: 5/5
  3083 | D:3      | Reached skill level 1 in Armour
  3354 | D:3      | Killed from afar by an orc priest

Illustrated notes

Levels and vault maps discovered:
D:1:      enne_arrival_octagon_isle, layout_basic, minmay_door_square,
          minmay_tall_x
D:2:      layout_basic, ebering_ecumenical_altar_hall, uniq_robin
D:3:      layout_loops_ring, serial_shops, nicolae_shop_statue_plus,
          uniq_terence

Skill      XL: |  1  2  3  4  5 |
---------------+----------------+-----
Maces & Flails | 4 |  4.4
Armour         | 1 |  1.4
Fighting       | |  3.5
Dodging        | |  3.7
Stealth        | |  2.7
Unarmed Combat | |  0.2

Action                   |  1- 3 |  4- 6 || total
-------------------------+-------+-------++-------
Melee: Mace              |   117 |   130 ||   247
       Unarmed           |       |     8 ||     8
Throw: Throwing net      |       |     2 ||     2
  Use: Scroll            |     3 |     4 ||     7
       Potion            |     1 |     1 ||     2
 Stab: Sleeping          |     7 |     2 ||     9
Armor: Robe              |    11 |       ||    11
       Ring mail         |    21 |    61 ||    82
Dodge: Dodged            |    85 |    71 ||   156
